 Dungeon Crawl Stone Soup version 0.30.0 (webtiles) character file.

Game seed: 13187142040065348860

257692 olmar the Bludgeoner (level 20, -2/142 HPs)
             Began as a Gargoyle Fighter on May 6, 2023.
             Was an Initiate of Gozag.
             Slain by an Ice Fiend (15 damage)
             ... in an ice cave.
             The game lasted 01:20:09 (41784 turns).

olmar the Bludgeoner (Gargoyle Fighter)            Turns: 41784, Time: 01:20:09

Health: -2/142     AC: 44    Str: 38    XL:     20   Next: 62%
Magic:  20/20      EV:  8    Int: 11    God:    Gozag
Gold:   5342       SH: 16    Dex: 19    Spells: 19/19 levels left

rFire   + + +        y - +7 eveningstar of Foolhardiness {venom, *Noise Str+4}
rCold   + + .        b - +1 kite shield "Ynumiat" {rC+ Dex+3}
rNeg    + . .        a - +0 gold dragon scales "Aleg" {*Slow rPois rF+ rC+ Will++ rCorr}
rPois   ∞            p - +0 helmet {SInv}
rElec   +            t - +0 cloak {rF+}
rCorr   +            W - +0 pair of fencer's gloves {Riposte Dex+3}
SInv    +            q - +0 pair of boots "Guxorav" {Regen+ rCorr Str-4 Slay-2}
Will    +++..        u - amulet of regeneration Stlth
                     D - +6 ring of strength
HPRegen 2.03/turn    l - ring "Xauw Zyo" {rF+ Str+5 Dex+4}
MPRegen 0.17/turn

%: slow self (1%)
@: gold aura, flying, studying 2 skills
A: sickness immunity, AC +15, big wings, negative energy resistance 1,
electricity resistance, torment resistance 1, petrification resistance
a: Renounce Religion, Potion Petition, Call Merchant, Bribe Branch


You were in an ice cave.
You worshipped Gozag.
Gozag was greatly pleased with you.
You visited 6 branches of the dungeon, and saw 30 of its levels.
You also visited: Bailey, Gauntlet, Ice Cave and Volcano.

You collected 14382 gold pieces.
You spent 7807 gold pieces at shops.
You paid 1233 gold pieces to Gozag.

Inventory:

Hand Weapons
 y - the +7 eveningstar of Foolhardiness (weapon) {venom, *Noise Str+4}
   (You acquired it on level 2 of the Snake Pit)

   Str:       It affects your strength (+4).
   *Noise:    It may make noises in combat.
Armour
 a - the +0 gold dragon scales "Aleg" (worn) {*Slow rPois rF+ rC+ Will++ rCorr}
   (You bought it in a shop on level 4 of the Lair of Beasts)

   rF:        It protects you from fire.
   rC:        It protects you from cold.
   rPois:     It protects you from poison.
   rCorr:     It protects you from acid and corrosion.
   *Slow:     It may slow you when you take damage.
   Will:      It greatly increases your willpower.
 b - the +1 kite shield "Ynumiat" (worn) {rC+ Dex+3}
   (You bought it in a shop on level 4 of the Snake Pit)

   Dex:       It affects your dexterity (+3).
   rC:        It protects you from cold.
 p - a +0 helmet of see invisible (worn)
 q - the +0 pair of boots "Guxorav" (worn) {Regen+ rCorr Str-4 Slay-2}
   (You found it on level 15 of the Dungeon)

   Str:       It affects your strength (-4).
   Slay:      It affects your accuracy & damage with ranged weapons and melee
   (-2).
   Regen:     It increases your rate of health regeneration.
   rCorr:     It protects you from acid and corrosion.
 t - a +0 cloak of fire resistance (worn)
 S - the +4 pair of boots "Esasik" {Str+3}
   (You found it in a Gauntlet)

   Str:       It affects your strength (+3).
 T - a +0 kite shield of reflection
 W - the +0 pair of fencer's gloves (worn) {Riposte Dex+3}
   (You bought it in a shop on level 9 of the Dungeon)

   Riposte:   It allows the wearer to riposte with melee weapons, swiftly
   retaliating against missed or blocked melee attacks.
   Dex:       It affects your dexterity (+3).
Jewellery
 h - a ring of protection from fire
 l - the ring "Xauw Zyo" (right hand) {rF+ Str+5 Dex+4}
   (You took it off a deep elf master archer on level 3 of the Elven Halls)

   [ring of protection from fire]

   Str:       It affects your strength (+5).
   Dex:       It affects your dexterity (+4).
   rF:        It protects you from fire.
 o - the ring of the Antique Mangosteen {rPois rN++ MP+9 Int-3 Dex+3}
   (You found it on level 11 of the Dungeon)

   [ring of magical power]

   Int:       It affects your intelligence (-3).
   Dex:       It affects your dexterity (+3).
   rPois:     It protects you from poison.
   rN:        It greatly protects you from negative energy.
   MP:        It affects your magic capacity (+9).
 u - an amulet of regeneration (around neck)
 x - an amulet of the acrobat
 D - a +6 ring of strength (left hand)
 O - the amulet "Nuumisay" {RegenMP rF+}
   (You found it on level 4 of the Snake Pit)

   [amulet of magic regeneration]

   It increases your rate of magic regeneration.
   rF:        It protects you from fire.
 U - a ring of resist corrosion
 Z - a ring of positive energy
Wands
 f - a wand of mindburst (2)
 z - a wand of roots (24)
 F - a wand of flame (89)
 I - a wand of light (30)
 L - a wand of polymorph (23)
 Q - a wand of digging (7)
 Y - a wand of paralysis (22)
Scrolls
 d - 11 scrolls of fear
 e - 3 scrolls of poison
 i - 13 scrolls of teleportation
 j - 2 scrolls of magic mapping
 r - 9 scrolls of fog
 v - 7 scrolls of blinking
 A - 3 scrolls of enchant armour
 G - 2 scrolls of brand weapon
 M - a scroll of silence
 N - 4 scrolls of summoning
 V - a scroll of enchant weapon
Potions
 g - 6 potions of haste
 k - 11 potions of lignification
 m - 3 potions of mutation
 n - 11 potions of brilliance
 s - 4 potions of berserk rage
 w - 3 potions of invisibility
 B - 5 potions of curing
 C - 3 potions of heal wounds
 H - 3 potions of cancellation
 J - 4 potions of might
 K - a potion of ambrosia
 X - 5 potions of resistance
Miscellaneous
 c - a tin of tremorstones (1/2)
 E - a box of beasts
 P - a piece from Xom's chessboard (15/15)
 R - a lightning rod (4/4)


   Skills:
 + Level 20.5 Fighting
 - Level 0.6(12.6) Axes
 + Level 20.7 Maces & Flails
 - Level 0.1 Throwing
 + Level 17.9 Armour
 - Level 0.3 Dodging
 + Level 17.6 Shields
 + Level 3.9 Evocations


You had 19 spell levels left.
You didn't know any spells.
Your spell library contained the following spells:

 Spells                   Type           Power      Damage    Failure   Level
 Apportation              Tloc           0%         N/A       97%         1
 Beastly Appendage        Tmut           0%         N/A       97%         1
 Necrotise                Necr           0%         1d4       97%         1
 Summon Small Mammal      Summ           0%         N/A       97%         1
 Poisonous Vapours        Pois/Air       0%         N/A       99%         2
 Static Discharge         Conj/Air       0%         2-2/arc   99%         2
 Wereblood                Tmut           0%         N/A       99%         2
 Call Canine Familiar     Summ           0%         N/A       100%        3
 Inner Flame              Hex/Fire       0%         N/A       100%        3
 Portal Projectile        Hex/Tloc       0%         N/A       100%        3
 Spider Form              Tmut/Pois      0%         N/A       100%        3
 Summon Guardian Golem    Hex/Summ       0%         N/A       100%        3
 Tukima's Dance           Hex            0%         N/A       100%        3
 Airstrike                Air            0%         2d(0-16)  100%        4
 Cause Fear               Hex            0%         N/A       100%        4
 Leda's Liquefaction      Hex/Erth       0%         N/A       100%        4
 Passage of Golubria      Tloc           0%         N/A       100%        4
 Summon Lightning Spire   Summ/Air       0%         N/A       100%        4
 Alistair's Intoxication  Tmut/Pois      0%         N/A       100%        5
 Blade Hands              Tmut           0%         N/A       100%        5
 Summon Forest            Summ/Tloc      0%         N/A       100%        5
 Summon Mana Viper        Hex/Summ       0%         N/A       100%        5
 Yara's Violent Unravell  Hex/Tmut       0%         3d3       100%        5
 Eringya's Noxious Bog    Tmut/Pois      0%         N/A       100%        6
 Summon Cactus Giant      Summ           0%         N/A       100%        6
 Dragon Form              Tmut           0%         N/A       100%        7
 Enfeeble                 Hex            0%         N/A       100%        7
 Haunt                    Necr/Summ      0%         N/A       100%        7
 Malign Gateway           Summ/Tloc      0%         N/A       100%        7
 Storm Form               Tmut/Air       0%         N/A       100%        7
 Summon Hydra             Summ           0%         N/A       100%        7
 Infestation              Necr           0%         N/A       100%        8
 Maxwell's Capacitive Co  Air            0%         ∞         100%        8
 Summon Horrible Things   Summ           0%         N/A       100%        8
 Dragon's Call            Summ           0%         N/A       100%        9
 Cigotuvi's Dreadful Rot  Necr/Pois/Air  Unusable   N/A       N/A         2
 Sublimation of Blood     Necr           Unusable   N/A       N/A         2
 Animate Dead             Necr           Unusable   N/A       N/A         4
 Statue Form              Tmut/Erth      Unusable   N/A       N/A         6

Dungeon Overview and Level Annotations

Branches:
Dungeon (15/15)            Temple (1/1) D:4            Lair (5/5) D:10
 Shoals (0/4) Lair:3        Snake (4/4) Lair:2        Slime (0/5) Lair:4
    Orc (2/2) D:10            Elf (3/3) Orc:2        Vaults (0/5) D:14
 Depths (0/4) D:15         Bailey (visited)           IceCv (1/1)
Volcano (visited)         Gauntlet (visited)

Altars:
Ashenzari
Cheibriados
Dithmenos
Elyvilon
Fedhas
Gozag
Hepliaklqana
Kikubaaqudgha
Makhleb
Nemelex Xobeh
Okawaru
Qazlal
Ru
Sif Muna
Trog
Uskayaw
Vehumet
Wu Jian
Xom
Yredelemnul
Zin
The Shining One
Jiyva

Shops:
D:8 *   D:9 [   D:15 (   Orc:2 (*=*   Elf:1 *   Elf:2 (?(   Elf:3 ?   Lair:4 [
Snake:1 ???   Snake:4 [

Portals:
Pandemonium: Orc:2

Annotations:
Lair:2 3 runed translucent doors, dialectric's ghost, journeyman VSFi
Elf:2 5 runed translucent doors


Innate Abilities, Weirdness & Mutations

You are immune to sickness and miasma.
Your stone body is resilient. (AC +15)
You are immune to poison.
Your large and strong wings let you fly.
You resist negative energy. (rN+)
You are resistant to electric shocks. (rElec)
You are resistant to unholy torment.
You are immune to petrification.


Message History

Things that are here:
20 gold pieces; a scroll of blinking Unknown command.
You feel much better. The Ice Fiend gestures at you.
The bolt of cold hits you but does no damage.
You puncture the Ice Fiend!
The Ice Fiend looks as sick as possible!
The Ice Fiend is lightly wounded.
You barely miss the Ice Fiend.
The Ice Fiend is lightly wounded.
You block the Ice Fiend's attack. The Ice Fiend barely misses you.
You hit the Ice Fiend but do no damage.
The Ice Fiend is moderately wounded.
The Ice Fiend claws you but does no damage.
The Ice Fiend claws you! The Ice Fiend freezes you! You resist.
You bludgeon the Ice Fiend!!
You hear snatches of song.
The Ice Fiend is heavily wounded.
You barely miss the Ice Fiend.
The Ice Fiend is heavily wounded.
The Ice Fiend gestures at you.
The bolt of cold hits you but does no damage.
You barely miss the Ice Fiend.
The Ice Fiend is heavily wounded.
The Ice Fiend gestures at you. The bolt of cold hits you! You resist.
* * * LOW HITPOINT WARNING * * *
You bludgeon the Ice Fiend!!
The Ice Fiend looks as sick as possible!
The Ice Fiend is almost dead.
The Ice Fiend claws you!
* * * LOW HITPOINT WARNING * * *
The Ice Fiend freezes you. You resist.
* * * LOW HITPOINT WARNING * * *
The Ice Fiend claws you!
* * * LOW HITPOINT WARNING * * *
The Ice Fiend freezes you! You resist.
You die...
Your body crumbles into a pile of gold.

##############
.'.........+.#
#####'#####.#
#.#.#.#.#.#.##
##'#'#.#'#'#.8######
.'.........#.......#
##.8.8.8.8.#.#####.#
...........#.#[?@#.##
...........'.#.⌠1'.⌠#
...........#.#:?[#.##
##.8.8.8.8.#.#####.#
+.........#.. ..#
#+#+#.#+#+#.8# ####
#.# #.## #'# #.# ...
.#


You could see an Ice Fiend (extremely poisoned).

Vanquished Creatures
  Vashnia (Snake:2)
  Jorgrun (D:15)
  An Ice Fiend (IceCv)
  2 deep elf blademasters (Elf:3)
  3 deep elf master archers
  Roxanne (Snake:1)
  9 deep elf sorcerers
  4 deep elf elementalists (Elf:3)
  8 deep elf demonologists (Elf:3)
  6 deep elf annihilators (Elf:3)
  A minotaur (Gauntlet)
  Josephine (Snake:1)
  A fire dragon (D:11)
  2 deep elf death magi (Elf:3)
  A spriggan zombie (D:15)
  A deep elf high priest (Elf:3)
  4 vault guards (D:14)
  An ogre mage (D:15)
  6 hydras
  2 demonspawn (Orc:2)
  A caustic shrike simulacrum (IceCv)
  Erica (Lair:1)
  8 anacondas
  5 centaur warriors
  6 boulder beetles
  4 catoblepae
  3 tengu warriors
  14 two-headed ogres
  16 dancing weapons
  11 death yaks (Lair:5)
  8 naga sharpshooters
  6 naga warriors
  7 orc high priests
  4 shock serpents
  A storm dragon zombie (D:15)
  13 deep elf knights
  A golden dragon zombie (D:15)
  6 salamander mystics (Snake:3)
  4 skeletal warriors
  A skyshark (Lair:3)
  A flayed ghost (D:15)
  A bog body (IceCv)
  2 obsidian statues (IceCv)
  A wizard (D:14)
  A harpy (shapeshifter) (D:13)
  Pikel (D:8)
  20 deep elf archers
  A lindwurm (shapeshifter) (D:11)
  4 naga ritualists
  2 lindwurms (Lair:5)
  33 deep elf pyromancers
  22 deep elf zephyrmancers
  A necromancer (D:15)
  A wolf spider (D:15)
  5 orc sorcerers (Orc:2)
  14 ugly things
  4 mana vipers
  6 orc knights
  35 salamanders
  A salamander (shapeshifter) (D:14)
  12 cyclopes
  2 moths of wrath (shapeshifter)
  An iron dragon skeleton (D:15)
  9 manticores
  35 elephants
  A merfolk siren (Lair:3)
  A rust devil (Gauntlet)
  37 black mambas
  3 guardian serpents
  2 molten gargoyles (Volcano)
  4 torpor snails
  9 cane toads
  2 gargoyles
  13 naga magi
  4 unseen horrors
  2 rime drakes
  5 freezing wraiths
  A yaktaur (D:11)
  6 efreet
  9 komodo dragons
  2 tengu conjurers (D:13)
  An anaconda simulacrum (IceCv)
  2 ice devils (Orc:2)
  A guardian mummy (D:15)
  3 golden dragon simulacra (IceCv)
  A troll (shapeshifter) (D:14)
  A polar bear (shapeshifter) (D:13)
  2 polar bears
  7 trolls
  A hellwing (Orc:2)
  A wolf spider simulacrum (D:14)
  19 blink frogs
  2 hornets
  13 dream sheep
  6 slime creatures (D:13)
  An air elemental (Elf:1)
  3 shadows
  A ynoxinul (Gauntlet)
  77 yaks
  2 vampires (D:11)
  6 wraiths
  3 wyverns
  3 fire elementals
  2 neqoxecs (Orc:2)
  6 vampire mosquitoes
  Menkaure (D:5)
  A minotaur simulacrum (IceCv)
  34 nagas
  2 wargs
  A hydra simulacrum (IceCv)
  11 water moccasins
  4 ice beasts
  A black bear (D:4)
  43 orc warriors
  3 ettin simulacra (IceCv)
  8 ogres
  5 wolves (Lair:1)
  7 centaurs
  4 lemures (D:8)
  2 phantoms
  5 gnoll sergeants
  2 deep troll simulacra (IceCv)
  Blork the orc (D:4)
  12 bullfrogs
  3 earth elementals
  A scorpion (shapeshifter) (D:11)
  2 scorpions (D:7)
  3 wights (D:8)
  A howler monkey (D:8)
  3 electric eels
  A lava snake (Lair:5)
  2 hounds
  2 gnoll boudas
  25 orc priests
  7 jellies
  4 iguanas
  3 iron imps (Gauntlet)
  Terence (D:2)
  2 sleepcaps
  9 orc wizards
  24 gnolls
  11 adders
  9 river rats (D:5)
  A shadow imp (D:6)
  An ufetubus (D:4)
  A worm (D:3)
  4 dart slugs
  81 orcs
  8 endoplasms
  3 giant cockroaches
  6 hobgoblins
  4 jackals (D:3)
  7 quokkas
  7 ball pythons
  3 bats
  A frilled lizard (D:1)
  9 goblins
  23 kobolds
  26 rats
  A bush (Elf:2)
1102 creatures vanquished.

Vanquished Creatures (others)
  A wizard (Volcano)
  A naga (Snake:1)
  38 fungi
  91 plants
131 creatures vanquished.

Grand Total: 1233 creatures vanquished

Notes
Turn   | Place    | Note
-------+----------+-------------------------------------------
     0 | D:1      | olmar the Gargoyle Fighter began the quest for the Orb.
     0 | D:1      | Reached XP level 1. HP: 14/14 MP: 1/1
   143 | D:1      | Reached XP level 2. HP: 19/19 MP: 2/2
   248 | D:1      | Found a faded altar of an unknown god.
   248 | D:1      | Noticed an ice devil
   882 | D:2      | Reached XP level 3. HP: 23/23 MP: 3/3
  1349 | D:2      | Noticed Terence
  1383 | D:2      | Killed Terence
  1384 | D:2      | Reached XP level 4. HP: 22/29 MP: 4/4
  1495 | D:3      | Found an ancient bone altar of Kikubaaqudgha.
  1688 | D:3      | Reached XP level 5. HP: 26/33 MP: 5/5
  1885 | D:3      | Found a basalt altar of Yredelemnul.
  2044 | D:3      | Found a shadowy altar of Dithmenos.
  2256 | D:4      | Noticed a black bear
  2266 | D:4      | Killed a black bear
  2272 | D:4      | Reached XP level 6. HP: 24/38 MP: 6/6
  2431 | D:4      | Noticed Blork the orc
  2462 | D:4      | Killed Blork the orc
  3124 | D:4      | Reached skill level 5 in Maces & Flails
  3124 | D:4      | Reached XP level 7. HP: 40/44 MP: 7/7
  3214 | D:4      | Found a staircase to the Ecumenical Temple.
  3220 | Temple   | Entered the Ecumenical Temple
  3307 | Temple   | Became a worshipper of Gozag Ym Sagoz the Greedy
  3431 | D:5      | Entered Level 5 of the Dungeon
  3444 | D:5      | Identified the +4 hand axe of Analysis {venom, *Rage rPois
                  | rF+ rN+ Dex+2}
  3511 | D:5      | Reached skill level 5 in Armour
  4135 | D:5      | Identified the +4 sling "Viovu" {antimagic, rN++ Str+4
                  | Int-2}
  4225 | D:5      | Noticed Menkaure
  4229 | D:5      | Killed Menkaure
  4230 | D:5      | Reached skill level 5 in Fighting
  4399 | D:5      | Reached XP level 8. HP: 44/49 MP: 8/8
  4579 | D:5      | Reached skill level 5 in Shields
  4993 | D:6      | Found a radiant altar of Vehumet.
  6252 | D:7      | Reached XP level 9. HP: 55/55 MP: 9/9
  7208 | D:8      | Found Lucuzamp's General Store.
  7229 | D:8      | Noticed a hornet
  7239 | D:8      | Killed a hornet
  7250 | D:8      | Bought a scroll of identify for 26 gold pieces
  7250 | D:8      | Bought a scroll of fog for 52 gold pieces
  7250 | D:8      | Bought a potion of might for 52 gold pieces
  7258 | D:8      | Found a flagged portal.
  7268 | Bailey   | Entered a bailey
  8014 | Bailey   | Reached XP level 10. HP: 63/63 MP: 10/10
  8510 | D:8      | Noticed Pikel
  8525 | D:8      | Killed Pikel
  8559 | D:8      | Found a snail-covered altar of Cheibriados.
  8695 | D:8      | Reached skill level 10 in Maces & Flails
  8795 | D:8      | You fall into a shaft and drop 2 floors!
  8795 | D:10     | Entered Level 10 of the Dungeon
 10282 | D:10     | Found a shimmering altar of Xom.
 10321 | D:10     | Noticed a two-headed ogre
 10321 | D:10     | Noticed a two-headed ogre
 10329 | D:10     | Found a glowing silver altar of Zin.
 10329 | D:10     | Found a hazy altar of Hepliaklqana.
 10354 | D:9      | Bought the +0 pair of fencer's gloves {Riposte Dex+3} for
                  | 440 gold pieces
 10354 | D:9      | Found the +0 pair of fencer's gloves {Riposte Dex+3}
 10354 | D:9      | Bought a +2 pair of gloves of strength for 236 gold pieces
 10354 | D:9      | Bought +0 pearl dragon scales for 1100 gold pieces
 10354 | D:9      | Bought a +1 pair of boots of rampaging for 181 gold pieces
 10419 | D:10     | Killed an unseen horror
 10522 | D:10     | Reached XP level 11. HP: 69/69 MP: 11/11
 10683 | D:10     | Found a staircase to the Orcish Mines.
 10730 | D:10     | Killed a two-headed ogre
 10735 | D:10     | Reached skill level 10 in Armour
 10866 | D:10     | Killed a two-headed ogre
 10980 | D:10     | Found a staircase to the Lair.
 11004 | Lair:1   | Entered Level 1 of the Lair of Beasts
 11112 | Lair:1   | Found a gate leading to a gauntlet.
 11121 | Gauntlet | Entered a Gauntlet
 11121 | Gauntlet | Found a transporter.
 11121 | Gauntlet | Found a transporter.
 11121 | Gauntlet | Found a transporter.
 11121 | Gauntlet | Found a transporter.
 11140 | Gauntlet | Found a transporter.
 11149 | Gauntlet | Noticed a blizzard demon
 11157 | Gauntlet | Found a transporter.
 11162 | Gauntlet | Found a transporter.
 11186 | Gauntlet | Found a transporter.
 11192 | Gauntlet | Found a transporter.
 11210 | Gauntlet | Found a transporter.
 11218 | Gauntlet | Found a transporter.
 11235 | Gauntlet | Found a transporter.
 11335 | Gauntlet | Reached skill level 10 in Fighting
 11447 | Gauntlet | Identified the +3 dagger of Uleliasoox {freeze, rElec rC++
                  | SInv Stlth-}
 11464 | Gauntlet | Reached XP level 12. HP: 60/78 MP: 8/12
 11508 | Gauntlet | Identified the +4 pair of boots "Esasik" {Str+3}
 11699 | Gauntlet | Identified the +11 long sword of Extermination {heavy,
                  | +Blink rC+ rN+++ Will-}
 11699 | Gauntlet | Noticed a minotaur
 11721 | Gauntlet | Killed a minotaur
 12252 | Lair:1   | Reached skill level 1 in Evocations
 12452 | Lair:1   | Noticed Erica
 12468 | Lair:1   | Killed Erica
 13145 | Lair:2   | Found a runed translucent gate.
 13145 | Lair:2   | Found a runed translucent gate.
 13145 | Lair:2   | Found a runed translucent gate.
 13146 | Lair:2   | Noticed dialectric's ghost (journeyman VSFi)
 13263 | Lair:2   | Found a staircase to the Snake Pit.
 13435 | Lair:2   | Noticed a six-headed hydra
 13445 | Lair:2   | Killed a six-headed hydra
 13666 | Lair:2   | Noticed a four-headed hydra
 13671 | Lair:2   | Killed a four-headed hydra
 13987 | Lair:3   | Reached XP level 13. HP: 84/84 MP: 13/13
 14193 | Lair:3   | Found a staircase to the Shoals.
 14550 | Lair:3   | Found the +6 arbalest "Damnation" {damnation}
 15103 | Lair:4   | Reached skill level 10 in Shields
 15455 | Lair:4   | Found a viscous altar of Jiyva.
 15492 | Lair:4   | Reached skill level 15 in Maces & Flails
 15539 | Lair:4   | Found a staircase to the Slime Pits.
 15803 | Lair:4   | Gained mutation: Your large and strong wings let you fly.
                  | [Gargoyle growth]
 15803 | Lair:4   | Reached XP level 14. HP: 90/94 MP: 12/14
 16179 | Lair:5   | Entered Level 5 of the Lair of Beasts
 16408 | Lair:5   | HP: 4/142 [death yak (16)]
 16491 | Lair:5   | Found a dark tunnel.
 16501 | Volcano  | Entered a volcano
 16966 | Volcano  | Noticed an orb of fire
 16999 | Volcano  | Noticed an orb of fire
 17866 | Lair:5   | Reached XP level 15. HP: 97/101 MP: 15/15
 18957 | Lair:4   | Bought jewelled gold dragon scales for 2040 gold pieces
 18957 | Lair:4   | Identified the +0 gold dragon scales "Aleg" {*Slow rPois
                  | rF+ rC+ Will++ rCorr} (You bought it in a shop on level 4
                  | of the Lair of Beasts)
 19135 | Orc:1    | Entered Level 1 of the Orcish Mines
 19454 | Orc:2    | Entered Level 2 of the Orcish Mines
 19763 | Orc:2    | Reached skill level 15 in Fighting
 19798 | Orc:2    | Found Yfi Foa's General Store.
 19799 | Orc:2    | Found Ociwos's General Store.
 20131 | Orc:2    | Bought a potion of magic for 144 gold pieces
 20131 | Orc:2    | Bought a potion of haste for 180 gold pieces
 20131 | Orc:2    | Bought a potion of might for 72 gold pieces
 20131 | Orc:2    | Bought a scroll of identify for 36 gold pieces
 20131 | Orc:2    | Bought a wand of light (5) for 378 gold pieces
 20131 | Orc:2    | Bought a wand of flame (5) for 63 gold pieces
 20135 | Orc:2    | Bought a scroll of torment for 133 gold pieces
 20135 | Orc:2    | Bought a potion of berserk rage for 70 gold pieces
 20135 | Orc:2    | Bought a scroll of summoning for 133 gold pieces
 21102 | Orc:2    | Found Pesy's Antique Weapon Boutique.
 21102 | Orc:2    | Found Pajaq's Jewellery Shop.
 21102 | Orc:2    | Found a one-way gate leading to the halls of Pandemonium.
 21354 | Orc:2    | Found a staircase to the Elven Halls.
 21641 | Elf:1    | Entered Level 1 of the Elven Halls
 22497 | Elf:1    | Reached XP level 16. HP: 110/110 MP: 16/16
 23262 | Elf:1    | Paralysed by an air elemental for 1 turns
 23429 | Elf:1    | Found Gussariv's Assorted Antiques.
 23451 | Elf:1    | Bought a potion of curing for 111 gold pieces
 23451 | Elf:1    | Bought a potion of curing for 111 gold pieces
 23451 | Elf:1    | Bought a potion of lignification for 111 gold pieces
 23451 | Elf:1    | Bought a scroll labelled CUURPH OKAFF for 37 gold pieces
 23778 | Elf:2    | Found Wif Didd's Antique Weapon Shop.
 23780 | Elf:2    | Found Hixoc's Magic Scroll Boutique.
 23783 | Elf:2    | Found Cuix's Weapon Shop.
 23788 | Elf:2    | Bought a scroll of immolation for 84 gold pieces
 23788 | Elf:2    | Bought a scroll of noise for 21 gold pieces
 23880 | Elf:2    | Found a huge runed translucent gate.
 23880 | Elf:2    | Found a huge runed translucent gate.
 23880 | Elf:2    | Found a huge runed translucent gate.
 23880 | Elf:2    | Found a huge runed translucent gate.
 23882 | Elf:2    | Found a huge runed translucent gate.
 23944 | Elf:2    | Identified the +5 dagger "Vamp" {elec, rF+ Str+2 Int+8}
 24256 | Elf:2    | Noticed a deep elf master archer
 24270 | Elf:2    | Killed a deep elf master archer
 24793 | Elf:3    | Entered Level 3 of the Elven Halls
 25558 | Elf:3    | Found Rikef's Magic Scroll Emporium.
 25566 | Elf:3    | Bought a scroll of fog for 48 gold pieces
 25566 | Elf:3    | Bought a scroll of blinking for 90 gold pieces
 25566 | Elf:3    | Bought 2 scrolls of identify for 48 gold pieces
 25566 | Elf:3    | Bought a scroll of identify for 24 gold pieces
 25566 | Elf:3    | Bought a scroll of identify for 24 gold pieces
 25566 | Elf:3    | Bought a scroll of poison for 48 gold pieces
 25928 | Elf:3    | Reached skill level 15 in Armour
 26939 | Elf:3    | Reached XP level 17. HP: 117/117 MP: 17/17
 28347 | Elf:3    | Noticed a Brimstone Fiend
 29074 | Elf:3    | Noticed a deep elf blademaster
 29210 | Elf:3    | Killed a deep elf blademaster
 29317 | Elf:3    | Noticed an Ice Fiend
 29692 | Elf:3    | Identified the ring "Xauw Zyo" {rF+ Str+5 Dex+4}
 29692 | Elf:3    | Noticed a deep elf master archer
 29704 | Elf:3    | Killed a deep elf master archer
 29866 | Elf:3    | Noticed a deep elf master archer
 29871 | Elf:3    | Noticed a deep elf blademaster
 30097 | Elf:3    | Killed a deep elf blademaster
 30105 | Elf:3    | Killed a deep elf master archer
 30472 | Elf:3    | Noticed an Ice Fiend
 30482 | Elf:3    | Noticed a Tzitzimitl
 30483 | Elf:3    | Noticed an Ice Fiend
 31386 | Elf:3    | Identified the +12 great sword of Corruption {holy, Will+
                  | rCorr}
 32138 | Elf:3    | Got Sif Muna's Tome of Allied Ceraunoscopy
 32145 | Elf:3    | Got Vimexo Rasmy's Vademecum on Gaseous Malediction
 32155 | Elf:3    | Identified the staff of poison "Medipeav" {Fly rPois Int-3
                  | SInv}
 32827 | D:11     | Identified the +0 scale mail "Nuckinos" {Will++ Str+8}
 33377 | D:11     | Identified the +1 spear "Muidise" {flame, rPois rN++ Will-
                  | Int+4}
 33398 | D:11     | Identified the ring of the Antique Mangosteen {rPois rN++
                  | MP+9 Int-3 Dex+3}
 34379 | D:12     | Found the +7 sceptre of Torment {pain, torment}
 34452 | D:12     | Reached XP level 18. HP: 118/126 MP: 18/18
 35546 | D:13     | Identified the +0 plate armour of Weightlessness {Stlth+}
 35564 | D:13     | Reached XP level 19. HP: 132/132 MP: 19/19
 36454 | D:14     | Found a gate to the Vaults.
 36464 | D:14     | Reached skill level 15 in Shields
 37013 | D:15     | Entered Level 15 of the Dungeon
 37095 | D:15     | Found a staircase to the Depths.
 37129 | D:15     | Found a snail-covered altar of Cheibriados.
 37220 | D:15     | Found Estry's Weapon Shoppe.
 37417 | D:15     | Noticed Jorgrun
 37443 | D:15     | Killed Jorgrun
 37562 | D:15     | Identified the +0 pair of boots "Guxorav" {Regen+ rCorr
                  | Str-4 Slay-2}
 37588 | D:15     | Found a glowing silver altar of Zin.
 38230 | Snake:1  | Entered Level 1 of the Snake Pit
 38230 | Snake:1  | Identified Roxanne's Catalogue of Vicissitude
 38230 | Snake:1  | Noticed Roxanne
 38231 | Snake:1  | Noticed Josephine
 38332 | Snake:1  | Killed Josephine
 38368 | Snake:1  | Killed Roxanne
 39025 | Snake:1  | Found Xomp's Magic Scroll Shoppe.
 39067 | Snake:1  | Bought a scroll of acquirement for 624 gold pieces
 39067 | Snake:1  | Bought a scroll of fear for 48 gold pieces
 39067 | Snake:1  | Bought a scroll of silence for 114 gold pieces
 39069 | Snake:1  | Acquired a manual of Shields
 39086 | Snake:1  | Found Qied's Magic Scroll Shoppe.
 39086 | Snake:1  | Found Noutimag's Magic Scroll Emporium.
 39104 | Snake:1  | Bought a scroll of magic mapping for 90 gold pieces
 39104 | Snake:1  | Bought a scroll of summoning for 114 gold pieces
 39110 | Snake:1  | Bought a scroll of teleportation for 42 gold pieces
 39110 | Snake:1  | Bought a scroll of poison for 56 gold pieces
 39110 | Snake:1  | Bought a scroll of fog for 56 gold pieces
 39352 | Snake:2  | Noticed Vashnia
 39438 | Snake:2  | Killed Vashnia
 39634 | Snake:2  | Reached XP level 20. HP: 140/140 MP: 20/20
 39948 | Snake:2  | Acquired the +7 eveningstar of Foolhardiness {venom, *Noise
                  | Str+4}
 41379 | Snake:4  | Entered Level 4 of the Snake Pit
 41401 | Snake:4  | Found Jataoj's Antique Armour Boutique.
 41405 | Snake:4  | Bought a fine cloak for 285 gold pieces
 41405 | Snake:4  | Identified the +2 cloak "Mugawaom" {Harm Rampage} (You
                  | bought it in a shop on level 4 of the Snake Pit)
 41405 | Snake:4  | Bought a distressingly furry kite shield for 285 gold
                  | pieces
 41405 | Snake:4  | Identified the +1 kite shield "Ynumiat" {rC+ Dex+3} (You
                  | bought it in a shop on level 4 of the Snake Pit)
 41468 | Snake:4  | Found a frozen archway.
 41483 | Snake:4  | Identified the amulet "Nuumisay" {RegenMP rF+}
 41488 | IceCv    | Entered an ice cave
 41784 | IceCv    | Slain by an Ice Fiend

Illustrated notes

Levels and vault maps discovered:
D:1:      minmay_arrival_diagonal_passages, layout_basic,
          dreamdust_ecumenical_altar_sealed_demon, kennysheep_decorative_pillar
D:2:      layout_basic, uniq_terence
D:3:      cheibrodos_helix_gallery, layout_loops_cross,
          mainiacjoe_overflow_24_doors, mainiacjoe_overflow_surrounded_room,
          mainiacjoe_overflow_alcove_4
D:4:      minmay_evil_eye, layout_cave_pools, minmay_temple_entry_fiery,
          st_stairs_6, minmay_starry_boxes, uniq_blork_the_orc
D:5:      lemuel_ratsnest, layout_loops_ring, roderic_serpentine_path,
          uniq_menkaure
D:6:      layout_rooms, vehumet_altar_wand_db, serial_corexii_hall,
          chequers_hall_statues_y, corexii_hall_statues_l,
          corexii_hall_statues_u, corexii_hall_statues_i, st_stairs_4
D:7:      layout_loops_ring, hangedman_abyss_or_decor_jellyfish_corner,
          grunt_ministairs_13
D:8:      layout_cave_pools, kennysheep_mini, enter_bailey_6, serial_shops,
          shop, minmay_fractal_squares_gapless_5, uniq_maurice, uniq_pikel
D:9:      layout_basic, patterned_corridor
D:10:     layout_big_octagon, xom_butterflies, grunt_temple_overflow_open,
          david_lair_shrubbed, david_orc_4
D:11:     minmay_the_grid_4x2 [minmay_the_grid_outer_diamond,
          minmay_the_grid_dragon_b, minmay_the_grid_diamond_grid,
          minmay_the_grid_paths, minmay_the_grid_minigrid_small,
          minmay_the_grid_stretched_grid, minmay_the_grid_tiny_cups,
          minmay_the_grid_prize_trominoes], layout_layer_cave, st_stairs_2
D:12:     layout_roguey, kennysheep_windowed_goal
D:13:     layout_basic, minmay_bent
D:14:     layout_roguey, lightli_vaults_fourway_checkpoint,
          chequers_hall_statues_y
D:15:     gammafunk_depths_entry_grave, layout_irregular_city, basic_altar,
          serial_shops, nicolae_shop_bloodbath_and_beyond, zin_angel,
          uniq_jorgrun
Temple:   nicolae_temple_bog_church
Lair:1:   layout_cave_pods, gauntlet_entry_generic, beast_lair_carwin_3,
          serial_bayou_shore_a, uniq_erica
Lair:2:   layout_hall_layers, guppyfry_snake_entry_island,
          gammafunk_ghost_necromancy, lemuel_fruit_tree, grunt_megastairs_5
Lair:3:   layout_gridlike, minmay_shoals_entry_lonely_mermaid,
          serial_bayou_ford_a, serial_bayou_shore_b
Lair:4:   layout_small_grid, nicolae_slime_entry_field_trip
Lair:5:   evilmike_catoblepas_cave, layout_long_grid,
          nicolae_volcano_entry_vermiform, serial_forest,
          infiniplex_forest_clump_curved, infiniplex_forest_lined_corner,
          infiniplex_forest_lined_ring, infiniplex_forest_clump_curved,
          infiniplex_forest_end_1, infiniplex_forest_clump_diagonal,
          infiniplex_forest_clump_C, nicolae_lair_lindhole
Snake:1:  layout_basic, serial_shops, shop, minmay_shoptagon, uniq_josephine,
          uniq_roxanne
Snake:2:  layout_cave_pods, uniq_vashnia
Snake:3:  layout_misc_corridors, nicolae_snake_double_loop,
          nicolae_snake_salamander_zone, grunt_megastairs_2
Snake:4:  minmay_snake_end_coiled, layout_layer_cave,
          portal_ice_cave_entry_frozen_things, serial_shops, shop,
          nicolae_shop_advertising_works [nicolae_subvault_shop_adworks], shop
Orc:1:    layout_caves
Orc:2:    pf_orc_diabolical, layout_diamond_mine
Elf:1:    minmay_elf_arrival_summoners, layout_gridlike, serial_shops, shop,
          minmay_elf_crystal_hexagon
Elf:2:    elven_hall_of_blades_hangedman_alternative [nicolae_blade_lattice],
          layout_geoelf_grid, st_stairs_2, nicolae_elf_archery_training,
          minmay_shop_star
Elf:3:    elf_hall, layout_geoelf_castle, serial_shops, shop
IceCv:    ice_cave_tombish

Skill      XL: |  1  2  3  4  5  6  7  8  9 10 11 12 13 14 15 16 17 18 19 20 |
---------------+-------------------------------------------------------------+-----
Shields        | 4 5 6 8 9 10 11 12 13 14 15 17 | 17.6
Maces & Flails | 3 4 5 7 9 11 12 13 15 16 17 18 19 20 | 20.7
Fighting       | 4 5 7 8 10 11 13 14 16 17 18 19 20 | 20.5
Armour         | 4 5 7 8 9 10 12 13 15 16 17 | 17.9
Evocations     | 1 3 |  3.9
Axes           | |  0.6
Throwing       | |  0.1
Dodging        | |  0.3

Action                     |  1- 3 |  4- 6 |  7- 9 | 10-12 | 13-15 | 16-18 | 19-21 || total
---------------------------+-------+-------+-------+-------+-------+-------+-------++-------
  Melee: Flail             |   134 |    53 |    45 |       |       |       |       ||   232
         Whip              |       |   150 |   235 |       |       |       |       ||   385
         Hand axe          |       |       |    59 |   237 |    67 |       |     2 ||   365
         Morningstar       |       |       |    72 |   243 |   961 |   834 |   557 ||  2667
         Eveningstar       |       |       |       |       |       |       |   342 ||   342
  Throw: Dart              |       |       |     4 |       |       |       |       ||     4
         Throwing net      |       |       |     1 |       |       |     1 |       ||     2
         Boomerang         |       |       |     7 |     1 |       |       |       ||     8
 Invoke: Call Merchant     |       |       |       |     1 |     1 |       |       ||     2
  Evoke: Wand              |       |       |       |    10 |    20 |     7 |       ||    37
         Lightning rod     |       |       |       |       |       |     3 |       ||     3
         Tin of tremorston |       |       |       |       |       |       |     2 ||     2
    Use: Potion            |     5 |     1 |       |     5 |     8 |     2 |     2 ||    23
         Scroll            |     2 |     3 |     5 |    10 |     6 |    17 |     5 ||    48
   Stab: Distracted        |       |       |       |     2 |     9 |     3 |     6 ||    20
         Paralysed         |       |       |       |    12 |     2 |       |       ||    14
 Armour: Scale mail        |    86 |    85 |    49 |       |       |       |       ||   220
         Plate armour      |       |       |    38 |    63 |       |       |       ||   101
         Pearl dragon scal |       |       |       |   160 |   315 |       |       ||   475
         Gold dragon scale |       |       |       |       |   229 |   478 |   531 ||  1238
  Dodge: Dodged            |    77 |    78 |   189 |   192 |   242 |   243 |   234 ||  1255
  Block: Buckler           |    43 |    36 |    54 |   148 |   335 |   256 |   123 ||   995
         Reflection        |       |       |       |       |       |     1 |    50 ||    51
         Kite shield       |       |       |       |       |       |       |   341 ||   341
Riposte: Hand axe          |       |       |       |    30 |    14 |       |     2 ||    46
         Morningstar       |       |       |       |    28 |   153 |   128 |    99 ||   408
         Eveningstar       |       |       |       |       |       |       |    73 ||    73
